 Dungeon Crawl Stone Soup version 0.31-a0-278-g485e682e34 (webtiles) character file.

Game seed: 4926693303089673395

67 AdnanSaban the Shield-Bearer (level 4, -1/29 HPs)
             Began as a Gargoyle Fighter on July 16, 2023.
             Slain by an orc
             ... wielding a +0 falchion
              (5 damage)
             ... on level 3 of the Dungeon.
             The game lasted 00:02:33 (1790 turns).

AdnanSaban the Shield-Bearer (Gargoyle Fighter)     Turns: 1790, Time: 00:02:33

Health: -1/29      AC: 16    Str: 22    XL:     4   Next: 18%
Magic:  4/4        EV:  6    Int:  8    God:
Gold:   43         SH:  4    Dex:  9    Spells: 3/3 levels left

rFire   . . .        a - +0 flail
rCold   . . .        c - +0 buckler
rNeg    + . .        e - +0 plate armour
rPois   ∞            i - +0 helmet
rElec   +            (no cloak)
rCorr   .            (no gloves)
SInv    .            (no boots)
Will    .....        (no amulet) Stlth
                     (no ring)
HPRegen 0.24/turn    (no ring)
MPRegen 0.09/turn

%: no passive effects
@: no status effects
A: sickness immunity, AC +3, negative energy resistance 1, electricity
resistance, torment resistance 1, petrification resistance
a: no special abilities


You were on level 3 of the Dungeon.
You visited 1 branch of the dungeon, and saw 3 of its levels.

You collected 76 gold pieces.
You spent 33 gold pieces at shops.

Inventory:

Hand Weapons
 a - a +0 flail (weapon)
Armour
 c - a +0 buckler (worn)
 e - a +0 plate armour (worn)
 i - a +0 helmet (worn)
Scrolls
 b - a scroll of teleportation {unknown}
 j - a scroll of brand weapon {unknown}
 k - a scroll of vulnerability {unknown}
Potions
 d - 2 potions of might
 f - a potion of brilliance {unknown}
 g - a potion of ambrosia {unknown}
 h - 4 potions of heal wounds {unknown}
 l - a potion of curing


   Skills:
 + Level 3.7 Fighting
 + Level 3.0 Maces & Flails
 + Level 3.8 Armour
 + Level 3.9 Shields


You had 3 spell levels left.
You didn't know any spells.
Your spell library contained the following spells:

 Spells                   Type           Power      Damage    Failure   Level
 Slow                     Hex            0%         N/A       100%        1
 Confusing Touch          Hex            0%         N/A       100%        3
 Vampiric Draining        Necr           0%         2d6       100%        3


Dungeon Overview and Level Annotations

Branches:
Dungeon (3/15)

Altars:

Shops:
D:2 ?[(![


Innate Abilities, Weirdness & Mutations

You are immune to sickness and miasma.
Your stone body is resilient. (AC +3)
You are immune to poison.
You resist negative energy. (rN+)
You are resistant to electric shocks. (rElec)
You are resistant to unholy torment.
You are immune to petrification.


Message History

You are too injured to fight recklessly!
You are too injured to fight recklessly!
You are too injured to fight recklessly!
You are too injured to fight recklessly!
You are too injured to fight recklessly!
You are too injured to fight recklessly!
You are too injured to fight recklessly!
You are too injured to fight recklessly!
The iguana bites you. The orc attacks as you move away!
The orc hits you but does no damage.
You hit the orc.
The orc is moderately wounded.
An orc comes into view. It is wielding a +0 dagger.
The orc hits you but does no damage.
The iguana bites you but does no damage.
The iguana closely misses you. The orc hits you with a +0 falchion.
You barely miss the orc.
The orc is moderately wounded.
The orc shouts!
The orc hits you with a +0 falchion.
* * * LOW HITPOINT WARNING * * *
The iguana bites you but does no damage.
The orc attacks as you move away! The orc hits you but does no damage.
The iguana attacks as you move away!
The iguana bites you but does no damage.
The iguana attacks as you move away! The iguana bites you.
* * * LOW HITPOINT WARNING * * *
The orc hits you but does no damage. The orc attacks as you move away!
The orc hits you but does no damage.
A goblin comes into view. It is wielding a +0 dagger.
The goblin shouts!
The orc attacks as you move away! The orc hits you but does no damage.
The frilled lizard attacks as you move away!
The frilled lizard bites you but does no damage.
The orc attacks as you move away! The orc barely misses you.
The orc attacks as you move away! The orc hits you with a +0 falchion.
* * * LOW HITPOINT WARNING * * *
The orc attacks as you move away! The orc barely misses you.
The orc attacks as you move away! The orc hits you with a +0 falchion.
You die...

##############
#....|.......#
#.........##.#####
#................#
#.........<...###
#..........#..# ######
######.#......#####......
#....###.###..g.######
#...####>..@o#.......#
#........#####l......#
#........#....o......#
#........#...........#
#........#..?........#
#........#......######
#......$..).....#
#........#......#
?........#.##.....


You could see an orc and a goblin.

Vanquished Creatures
  An adder (D:2)
  A worm (D:2)
  A dart slug (D:1)
  An orc (D:3)
  A ball python (D:2)
  8 bats
  6 endoplasms
  3 giant cockroaches
  5 goblins
  4 hobgoblins
  3 jackals (D:1)
  4 kobolds
  3 frilled lizards
  7 rats
48 creatures vanquished.

Notes
Turn   | Place    | Note
-------+----------+-------------------------------------------
     0 | D:1      | AdnanSaban the Gargoyle Fighter began the quest for the
                  | Orb.
     0 | D:1      | Reached XP level 1. HP: 14/14 MP: 1/1
   112 | D:1      | Reached XP level 2. HP: 15/19 MP: 2/2
   578 | D:1      | Reached XP level 3. HP: 23/23 MP: 3/3
   676 | D:1      | Found a faded altar of an unknown god.
  1099 | D:2      | Found Jaockelo's Antique Armour Emporium.
  1257 | D:2      | Found Nybralit's Armour Shop.
  1309 | D:2      | Found Feibyade's Magic Scroll Shop.
  1389 | D:2      | Found Cerud's Weapon Boutique.
  1461 | D:2      | Found Pelaen's Distillery.
  1469 | D:2      | Bought a potion of curing for 33 gold pieces
  1499 | D:2      | Reached XP level 4. HP: 29/29 MP: 4/4
  1790 | D:3      | Slain by an orc

Illustrated notes

Levels and vault maps discovered:
D:1:      co_arrival_random_square_maze, layout_basic,
          chequers_ecumenical_altar_island,
          nicolae_concentric_dashed_squares_wild
D:2:      layout_basic, serial_shops, shop, shop, nicolae_shop_rolled_up,
          nicolae_shop_bloodbath_and_beyond,
          nicolae_shop_competitors_out_of_business, serial_bayou_pond_c
D:3:      minmay_bubble_buster, layout_basic, bh_walls_and_bars

Skill      XL: |  1  2  3  4 |
---------------+-------------+-----
Maces & Flails | 3 |  3.0
Fighting       | |  3.7
Armour         | |  3.8
Shields        | |  3.9

Action                     |  1- 3 |  4- 6 || total
---------------------------+-------+-------++-------
  Melee: Flail             |   145 |    25 ||   170
 Armour: Scale mail        |    35 |       ||    35
         Plate armour      |    68 |    21 ||    89
  Dodge: Dodged            |    67 |     5 ||    72
  Block: Buckler           |    28 |     7 ||    35

Table legend: (Time is in decaauts)
 A = Elapsed time spent in this place.
 B = Non-inter-level travel time spent in this place.
 C = Inter-level travel time spent in this place.
 D = Time resting spent in this place.
 E = Time spent auto-exploring this place.
 F = Levels seen in this place.
 G = Mean time per level.
                   A        B        C        D        E       F      G
               +--------+--------+--------+--------+--------+-----+--------+
         Total |   1847 |   1796 |     51 |      0 |   1387 |   3 |  615.7 |
       Dungeon |   1847 |   1796 |     51 |      0 |   1387 |   3 |  615.7 |
               +--------+--------+--------+--------+--------+-----+--------+

Top non-repeatable levels by time:
     D:1: 1038 daAuts
     D:2: 758 daAuts
     D:3: 51 daAuts
